 Dungeon Crawl Stone Soup version 0.31-a0-702-gf82c85558f (webtiles) character file.

Game seed: 1723314733335432644

143 qw the Shooter (level 5, 0/32 HPs)
             Began as a Gargoyle Hunter on Sept 8, 2023.
             Slain by Grinder (5 damage)
             ... on level 3 of the Dungeon.
             The game lasted 00:00:51 (2158 turns).

qw the Shooter (Gargoyle Hunter)                    Turns: 2158, Time: 00:00:52

Health: 0/32       AC:  7    Str: 15    XL:     5   Next: 25%
Magic:  5/5        EV: 11    Int:  9    God:
Gold:   166        SH:  0    Dex: 15    Spells: 4/4 levels left

rFire   . . .        Y - +1 shortbow
rCold   . . .        (shield currently unavailable)
rNeg    + . .        c - +0 leather armour
rPois   inf          (no helmet)
rElec   +            (no cloak)
rCorr   .            (no gloves)
SInv    .            (no boots)
Will    .....        (no amulet)
Stlth   ++           (no ring)
HPRegen 0.25/turn    (no ring)
MPRegen 0.09/turn

%: no passive effects
@: no status effects
A: sickness immunity, AC +4, negative energy resistance 1, electricity
resistance, torment resistance 1, petrification resistance
a: no special abilities


You were on level 3 of the Dungeon.
You visited 1 branch of the dungeon, and saw 3 of its levels.

You collected 166 gold pieces.


Innate Abilities, Weirdness & Mutations

You are immune to sickness and miasma.
Your stone body is resilient. (AC +4)
You are immune to poison.
You resist negative energy. (rN+)
You are resistant to electric shocks. (rElec)
You are resistant to unholy torment.
You are immune to petrification.


   Skills:
 + Level 3.2 Fighting
 - Level 6.0 Ranged Weapons
 - Level 1.5 Dodging
 - Level 1.1 Stealth


You had 4 spell levels left.
You didn't know any spells.
Your spell library was empty.

Inventory:

Hand Weapons
 Y - a +1 shortbow (weapon)
Armour
 c - a +0 leather armour (worn)
Jewellery
 a - an amulet of guardian spirit
Scrolls
 d - a scroll of torment {unknown}
 f - 2 scrolls of identify
Potions
 b - a potion of cancellation {unknown}
 e - 2 potions of curing
 h - a potion of might {unknown}
 j - a potion of haste
 k - a potion of ambrosia {unknown}
 l - a potion of attraction {unknown}

Dungeon Overview and Level Annotations

Branches:
Dungeon (3/15)

Altars:
Qazlal

Annotations:
D:3 Grinder


Message History

You shoot an arrow. The arrow hits Grinder!
Grinder is heavily wounded.
Grinder gestures at you. Pain shoots through your body!
Grinder says, "Wait up."
You shoot an arrow. The arrow hits Grinder.
Grinder is heavily wounded.
Grinder completely misses you.
You shoot an arrow. The arrow closely misses Grinder.
Grinder hits you!
You writhe in agony.
You shoot an arrow. The arrow hits Grinder.
Grinder is heavily wounded.
Grinder hits you but does no damage.
You shoot an arrow. The arrow barely misses Grinder.
Grinder hits you.
You shoot an arrow.
The arrow hits Grinder but does no damage.
Grinder is heavily wounded.
Grinder hits you but does no damage.
You shoot an arrow. The arrow closely misses Grinder.
Grinder misses you.
You shoot an arrow. The arrow barely misses Grinder.
Grinder blinks!
You shoot an arrow.
The arrow hits Grinder but does no damage.
Grinder is heavily wounded.
You shoot an arrow. The arrow hits Grinder.
Grinder is severely wounded.
Grinder says, "FISH!"
You shoot an arrow. The arrow hits Grinder.
Grinder is severely wounded.
You shoot an arrow. The arrow hits Grinder.
Grinder is almost dead.
Grinder gestures at you. Pain shoots through your body!
You shoot an arrow. The arrow barely misses Grinder.
You shoot an arrow. The arrow barely misses Grinder.
Grinder hits you.
You die...
Grinder says, "Now the real fun starts!"

.# ##### .. ...#
####.#.#.#####
.......... ..#
............
.##...#..#)#.#.#
..#....#.#.5...#
....%###..#@#
#....#.#.#.#
#......!...# #
##..#.##.###
#.##.....%..#####.#
#.................#
####..............#
#.#####)########
#.#....%....#


You could see Grinder.

Vanquished Creatures
  3 gnolls (D:2)
  4 adders
  A worm (D:2)
  A dart slug (D:3)
  9 ball pythons
  7 endoplasms
  3 giant cockroaches
  9 goblins
  7 hobgoblins
  A jackal (D:2)
  5 quokkas
  7 bats
  3 frilled lizards
  2 kobolds (D:2)
  8 rats
70 creatures vanquished.

Notes
Turn   | Place    | Note
-------+----------+-------------------------------------------
     0 | D:1      | qw the Gargoyle Hunter began the quest for the Orb.
     0 | D:1      | Reached XP level 1. HP: 12/12 MP: 1/1
     0 | D:1      | 0 ||| qw: Version: 0.3-a-76-g4403597
     0 | D:1      | 0 ||| qw: Game counter: 1129
     0 | D:1      | 0 ||| qw: Melee chars always use a shield: true
     0 | D:1      | 0 ||| qw: God list: Okawaru
     0 | D:1      | 0 ||| qw: Allow faded altars: false
     0 | D:1      | 0 ||| qw: Do Orc after clearing Dungeon:15 true
     0 | D:1      | 0 ||| qw: Do second Lair branch before Depths: true
     0 | D:1      | 0 ||| qw: Lair rune preference: random
     0 | D:1      | 0 ||| qw: Goals: Normal
     0 | D:1      | 0 ||| PLANNING D:1-11
   132 | D:1      | Reached XP level 2. HP: 17/17 MP: 2/2
   480 | D:1      | Found a stormy altar of Qazlal.
   550 | D:1      | Reached XP level 3. HP: 21/21 MP: 3/3
   615 | D:1      | Reached skill level 5 in Ranged Weapons
   670 | D:1      | 670 ||| READING scroll labelled KUAPAA DEUS.
   671 | D:1      | 671 ||| READING scroll labelled XEFIOHUSIQU.
   672 | D:1      | 672 ||| READING scroll labelled ENIUF TANKEHID.
   673 | D:1      | 673 ||| READING scroll labelled AFUBYA GOCU.
   676 | D:1      | 676 ||| DRINKING 2 purple potions.
   677 | D:1      | 677 ||| DRINKING 2 cyan potions.
   678 | D:1      | 678 ||| DROPPING scroll of butterflies.
   763 | D:2      | You fall into a shaft and drop 1 floor!
   787 | D:3      | 787 ||| READING scroll labelled WOXUGO DYMAAR.
   788 | D:3      | 788 ||| READING scroll labelled MIJA LENTO.
   789 | D:3      | 789 ||| DRINKING 2 golden potions.
   823 | D:3      | 823 ||| DROPPING potion of lignification.
  1045 | D:2      | Reached skill level 3 in Fighting
  1298 | D:2      | Reached XP level 4. HP: 22/28 MP: 4/4
  1303 | D:2      | HP: 5/28 [gnoll/+0 halberd (5)]
  1304 | D:2      | HP: 2/28 [gnoll/+0 halberd (3)]
  1875 | D:2      | 1875 ||| READING scroll labelled NOXURAI ORPHIZEAL.
  1876 | D:2      | 1876 ||| READING scroll labelled FONLIA YDGHUTZ.
  1877 | D:2      | 1877 ||| READING scroll labelled XELUPTIHANT.
  1956 | D:3      | Reached XP level 5. HP: 19/32 MP: 5/5
  1968 | D:3      | HP: 8/32 [adder (2)]
  1969 | D:3      | 1969 ||| READING scroll of teleportation.
  1987 | D:3      | Reached skill level 6 in Ranged Weapons
  2129 | D:3      | Noticed Grinder
  2130 | D:3      | Paralysed by Grinder for 3 turns
  2149 | D:3      | HP: 8/32 [Grinder (3)]
  2156 | D:3      | HP: 5/32 [Grinder/nerve-wracking pain (5)]
  2158 | D:3      | Slain by Grinder

Levels and vault maps discovered:
D:1:      heliophobic_arrival_glass_houses, layout_loops_ring,
          minmay_hexomino_r4
D:2:      minmay_razor_zed, layout_loops_corners
D:3:      minmay_spotlight, layout_loops_ring, kennysheep_generic_room_5,
          uniq_grinder, uniq_crazy_yiuf_cottage

Skill      XL: |  1  2  3  4  5 |
---------------+----------------+-----
Ranged Weapons | 5 6 |  6.0
Fighting       | 3 |  3.2
Dodging        | |  1.5
Stealth        | |  1.1

Action                     |  1- 3 |  4- 6 || total
---------------------------+-------+-------++-------
   Fire: Shortbow          |   100 |   111 ||   211
    Use: Scroll            |     6 |     4 ||    10
         Potion            |     3 |       ||     3
 Armour: Leather armour    |    20 |    64 ||    84
  Dodge: Dodged            |    18 |    42 ||    60

Table legend:
 A = Non-vault XP
 B = Vault XP
 C = Vault XP percentage of total XP
 D = Non-vault monster count
 E = Vault monster count
 F = Vault count percentage of total count
                 A         B        C        D         E       F
            +---------+---------+-------+---------+---------+-------
      Total |     145 |      60 |  29.3 |      49 |      21 |  30.0
            +---------+---------+-------+---------+---------+-------
        D:1 |      35 |       5 |  12.5 |      19 |       4 |  17.4
        D:2 |      82 |      19 |  18.8 |      21 |      10 |  32.3
        D:3 |      28 |      36 |  56.2 |       9 |       7 |  43.8
            +---------+---------+-------+---------+---------+-------
